 Dungeon Crawl Stone Soup version 0.26-a0-952-g76694b35de (webtiles) character file.

Game seed: 12569766004937084206

1559 jiml777 the Thaumaturge (level 8, 0/41 HPs)
             Began as a Deep Elf Air Elementalist on Nov 30, 2020.
             Slain by an orc warrior
             ... wielding a +0 flail
              (7 damage)
             ... on level 7 of the Dungeon.
             The game lasted 00:41:15 (7430 turns).

jiml777 the Thaumaturge (Deep Elf Air Elementalist) Turns: 7430, Time: 00:41:16

Health: 0/41       AC:  6    Str:  5    XL:     8   Next: 58%
Magic:  15/23      EV: 13    Int: 29    God:
Gold:   410        SH:  0    Dex: 15    Spells: 16/26 levels left

rFire    . . .     SeeInvis .   x - +3 quarterstaff (chaos)
rCold    . . .     Faith    .   (shield currently unavailable)
rNeg     . . .     Spirit   .   k - +0 robe
rPois    .         Reflect  .   (no helmet)
rElec    .         Harm     .   w - +0 cloak
rCorr    .         Rampage  .   n - +1 pair of gloves
MR       .....                  j - +0 pair of boots
Stlth    ++........             (no amulet)
HPRegen  0.13/turn              l - +6 ring of intelligence
MPRegen  0.18/turn              (no ring)

@: flying
A: no striking features
a: no special abilities


You were on level 7 of the Dungeon.
You visited 2 branches of the dungeon, and saw 8 of its levels.

You collected 410 gold pieces.

Inventory:

Hand Weapons
 c - a +4 dagger of speed
 r - a +2 hunting sling of freezing
 t - a +0 rapier of protection
 x - a +3 quarterstaff of chaos (weapon)
Missiles
 d - 31 poisoned darts
 p - 94 arrows
 s - 38 sling bullets
Armour
 h - a scarf of shadows
 j - a +0 pair of boots (worn)
 k - a +0 robe (worn)
 n - a +1 pair of gloves (worn)
 w - a +0 cloak (worn)
Magical Staves
 u - an uncursed staff of fire
Jewellery
 l - a +6 ring of intelligence (left hand)
Scrolls
 f - 4 scrolls of remove curse
 m - 3 scrolls of amnesia
 q - 2 scrolls of magic mapping
Potions
 a - 2 potions of haste {unknown}
 b - a potion of attraction {unknown}
 e - 6 potions of curing
 g - a potion of flight
 i - 3 potions of heal wounds {unknown}
 o - a potion of lignification {unknown}


   Skills:
 + Level 2.8 Dodging
 - Level 2.7 Stealth
 + Level 9.8 Spellcasting
 * Level 4.8 Conjurations
 + Level 7.2 Air Magic


You had 16 spell levels left.
You knew the following spells:

 Your Spells              Type           Power        Failure   Level
a - Shock                 Conj/Air       ####         1%          1
b - Swiftness             Air            ######..     1%          2
c - Static Discharge      Conj/Air       #####...     1%          3
d - Airstrike             Air            ######....   1%          4

Your spell library contained the following spells:

 Spells                   Type           Power        Failure   Level
 Lightning Bolt           Conj/Air       #####.....   9%          5
 Confusing Touch          Hex            ##......     12%         3
 Gell's Gravitas          Tloc           ##........   12%         3
 Petrify                  Tmut/Erth      ##......     36%         4
 Metabolic Englaciation   Hex/Ice        ##........   71%         5
 Yara's Violent Unravell  Hex/Tmut       ##........   71%         5


Dungeon Overview and Level Annotations

Branches:
Dungeon (7/15)             Temple (1/1) D:6

Altars:
Ashenzari
Cheibriados
Dithmenos
Elyvilon
Fedhas
Gozag
Hepliaklqana
Kikubaaqudgha
Makhleb
Nemelex Xobeh
Okawaru
Qazlal
Ru
Trog
Vehumet
Wu Jian
Xom
Yredelemnul
Zin


Message History

Confirm with . or Enter, or press ? or * to list all spells.
Aiming: Airstrike (dangerous; 1% risk of failure)
Press: ? - help, Dir - move target, f - orc
Aim: an orc, wielding a +0 falchion The air twists around and strikes the orc!
You kill the orc!
Casting: Airstrike (dangerous; 1% risk of failure)
Confirm with . or Enter, or press ? or * to list all spells.
Aiming: Airstrike (dangerous; 1% risk of failure)
Press: ? - help, Dir - move target, f - orc warrior
Aim: an orc warrior, wielding a +0 flail and wearing a +0 chain mail The air twists around and strikes the orc warrior!
The orc warrior is moderately wounded.
The orc warrior hits you with a +0 flail!
* * * LOW HITPOINT WARNING * * *
It was a potion of flight.
You feel very buoyant.
You fly up into the air.
The orc warrior hits you with a +0 flail!
You die...

#####
#...#
#.#o#
#..@#
###)#
../.))..#
....o.###
....#.
..o # ..
.


You could see an orc warrior.

Vanquished Creatures
  A sky beast (D:6)
  2 ogres
  Blork the orc (D:5)
  2 bullfrogs (D:6)
  A scorpion (D:2)
  4 wights (D:6)
  2 howler monkeys (D:5)
  3 bullfrog zombies
  An orc priest (D:7)
  Crazy Yiuf (D:5)
  A hound (D:4)
  4 jellies (D:6)
  A bullfrog skeleton (D:6)
  Jessica (D:2)
  An orc wizard (D:4)
  5 worker ants
  A killer bee zombie (D:6)
  A hound skeleton (D:5)
  2 worker ant zombies (D:2)
  4 gnolls (D:5)
  9 adders
  A shadow imp (D:3)
  2 white imps
  An ufetubus (D:5)
  An ooze (D:3)
  An adder zombie (D:2)
  3 adder skeletons
  3 worms
  3 dart slugs (D:2)
  3 leopard geckos
  8 orcs
  A bat zombie (D:2)
  3 giant cockroaches
  9 hobgoblins
  12 jackals
  4 kobolds
  4 quokkas
  A ball python (D:4)
  2 bats
  5 frilled lizards
  A giant cockroach zombie (D:2)
  5 goblins
  A leopard gecko skeleton (D:2)
  A quokka skeleton (D:5)
  A quokka zombie (D:2)
  8 rats
132 creatures vanquished.

Vanquished Creatures (others)
  11 plants (D:6)
  4 toadstools (D:1)
  2 withered plants (D:2)
17 creatures vanquished.

Grand Total: 149 creatures vanquished

Notes
Turn   | Place    | Note
-------+----------+-------------------------------------------
     0 | D:1      | jiml777 the Deep Elf Air Elementalist began the quest for
                  | the Orb.
     0 | D:1      | Reached XP level 1. HP: 10/10 MP: 6/6
   543 | D:1      | Reached XP level 2. HP: 12/15 MP: 2/8
   904 | D:2      | Found a faded altar of an unknown god.
  1185 | D:2      | Reached XP level 3. HP: 19/19 MP: 2/10
  1529 | D:2      | Noticed a scorpion
  1541 | D:2      | Killed a scorpion
  1542 | D:2      | Reached skill level 4 in Spellcasting
  1542 | D:2      | Reached XP level 4. HP: 24/24 MP: 3/12
  1715 | D:2      | Learned a level 2 spell: Swiftness
  1719 | D:2      | Learned a level 3 spell: Static Discharge
  1724 | D:2      | Learned a level 4 spell: Airstrike
  2089 | D:2      | Noticed Jessica
  2092 | D:2      | Reached XP level 5. HP: 28/28 MP: 12/14
  2095 | D:2      | Killed Jessica
  2119 | D:2      | Found a broken altar of Ashenzari.
  2311 | D:2      | Found an iron altar of Okawaru.
  2314 | D:2      | Found a basalt altar of Yredelemnul.
  2317 | D:2      | Found a hazy altar of Hepliaklqana.
  2414 | D:3      | Reached skill level 5 in Spellcasting
  2466 | D:3      | Found a white marble altar of Elyvilon.
  3541 | D:4      | Reached XP level 6. HP: 32/32 MP: 7/16
  3746 | D:4      | Reached skill level 6 in Spellcasting
  4197 | D:4      | Reached skill level 5 in Air Magic
  4707 | D:5      | Entered Level 5 of the Dungeon
  4716 | D:5      | Found a sacrificial altar of Ru.
  4720 | D:5      | Reached XP level 7. HP: 36/36 MP: 9/18
  4937 | D:5      | Reached skill level 7 in Spellcasting
  5085 | D:5      | Noticed Blork the orc
  5088 | D:5      | Killed Blork the orc
  5700 | D:5      | Found a runed translucent door.
  5701 | D:5      | Noticed Crazy Yiuf
  5707 | D:5      | Killed Crazy Yiuf
  5985 | D:6      | Reached skill level 8 in Spellcasting
  5987 | D:6      | Reached XP level 8. HP: 41/41 MP: 4/22
  6223 | D:6      | Found a radiant altar of Vehumet.
  6238 | D:6      | Reached skill level 9 in Spellcasting
  6788 | D:6      | Found a staircase to the Ecumenical Temple.
  6815 | Temple   | Entered the Ecumenical Temple
  7430 | D:7      | Slain by an orc warrior

Illustrated notes

Levels and vault maps discovered:
D:1:      ldierk_water_garden, layout_loops_ring
D:2:      layout_loops_ring, evilmike_ruin_ashenzari,
          grunt_temple_overflow_diamond, serial_undead, serial_undead_f,
          serial_undead_d, serial_undead_d, serial_undead_d, serial_undead_a,
          serial_undead_e, serial_undead_d, serial_undead_b,
          chequers_ecumenical_altar_simple_redux, corexii_shack, uniq_jessica
D:3:      layout_rooms, minmay_misc_feat_doors, elyvilon_altar_5
D:4:      layout_basic
D:5:      layout_basic, nicolae_ru_awakened_eye, uniq_crazy_yiuf_cottage,
          uniq_blork_the_orc
D:6:      layout_rooms, vehumet_crystals, minmay_temple_entry_overgrown
D:7:      layout_basic
Temple:   dshaligram_water_room_temple

Skill      XL: |  1  2  3  4  5  6  7  8 |
---------------+-------------------------+-----
Conjurations   | 2 3 4 |  4.8
Spellcasting   | 4 5 6 8 9 |  9.8
Air Magic      | 4 5 6 7 |  7.2
Dodging        | |  2.8
Stealth        | |  2.7

Action                   |  1- 3 |  4- 6 |  7- 9 || total
-------------------------+-------+-------+-------++-------
Melee: Quarterstaff      |       |       |    11 ||    11
 Cast: Shock             |    71 |    77 |    32 ||   180
       Airstrike         |       |    27 |    57 ||    84
  Use: Scroll            |       |    11 |     2 ||    13
       Potion            |       |       |     1 ||     1
Armor: Robe              |     5 |     2 |       ||     7
Dodge: Dodged            |    13 |     7 |    12 ||    32

Table legend: (Time is in decaauts)
 A = Elapsed time spent in this place.
 B = Non-inter-level travel time spent in this place.
 C = Inter-level travel time spent in this place.
 D = Time resting spent in this place.
 E = Time spent auto-exploring this place.
 F = Levels seen in this place.
 G = Mean time per level.
                   A        B        C        D        E       F      G
               +--------+--------+--------+--------+--------+-----+--------+
         Total |   7434 |   7328 |    106 |   3252 |   2941 |   8 |  929.2 |
       Dungeon |   7189 |   7083 |    106 |   3152 |   2832 |   7 | 1027.0 |
        Temple |    244 |    244 |      0 |    100 |    109 |   1 |  244.0 |
               +--------+--------+--------+--------+--------+-----+--------+

Top non-repeatable levels by time:
     D:2: 1529 daAuts
     D:4: 1525 daAuts
     D:5: 1262 daAuts
     D:6: 1204 daAuts
     D:1: 873 daAuts
     D:3: 780 daAuts
  Temple: 244 daAuts
     D:7: 14 daAuts
